 Dungeon Crawl Stone Soup version 0.29.0-7-g18a832c13a (webtiles) character file.

Game seed: 11561803257117731390

983 Anandil the Cruncher (level 8, -6/61 (63) HPs)
             Began as a Gnoll Wanderer on Aug 31, 2022.
             Mangled by a wight
             ... wielding a +5 scimitar of freezing
              (13 damage)
             ... on level 6 of the Dungeon.
             The game lasted 00:08:00 (4917 turns).

Anandil the Cruncher (Gnoll Wanderer)               Turns: 4917, Time: 00:08:01

HP:   -6/61 (63)    AC: 12    Str: 19    XL:     8   Next: 17%
MP:   14/14         EV:  8    Int:  8    God:
Gold: 308           SH:  0    Dex: 10    Spells: 14/15 levels left

rFire   + + .      SeeInvis .   a - +2 quarterstaff (vorpal)
rCold   + . .      Faith    .   (shield currently unavailable)
rNeg    . . .      Spirit   .   y - +1 chain mail of the Equinox {-Tele Fly rPois}
rPois   +          Reflect  .   (no helmet)
rElec   +          Harm     .   z - +0 cloak
rCorr   +          Rampage  .   (no gloves)
Will    .....      NoTele   +   q - +0 pair of boots
Stlth   ..........              (no amulet)
HPRegen 0.20/turn               k - ring of protection from fire
MPRegen 0.14/turn               (no ring)

@: resistant, flying, lightly drained
A: fangs 1, strong nose, distributed training
a: no special abilities


You were on level 6 of the Dungeon.
You visited 1 branch of the dungeon, and saw 6 of its levels.

You collected 308 gold pieces.

Inventory:

Hand Weapons
 a - a +2 vorpal quarterstaff (weapon)
Missiles
 B - a throwing net (quivered)
 C - 6 poisoned darts
Armour
 f - a +0 ring mail
 q - a +0 pair of boots (worn)
 y - the +1 chain mail of the Equinox (worn) {-Tele Fly rPois}
   (You found it on level 4 of the Dungeon)

   rPois:     It protects you from poison.
   Fly:       It grants you flight.
   -Tele:     It prevents most forms of teleportation.
 z - a +0 cloak (worn)
Jewellery
 k - a ring of protection from fire (left hand)
Wands
 E - a wand of digging (5)
Scrolls
 c - a scroll of summoning {unknown}
 d - a scroll of magic mapping {unknown}
 h - 2 scrolls of enchant weapon
 i - a scroll of poison {unknown}
 m - 2 scrolls of vulnerability {unknown}
 n - 2 scrolls of blinking {unknown}
 o - 2 scrolls of teleportation {unknown}
 r - 2 scrolls of identify
 s - a scroll of acquirement {unknown}
 v - a scroll of immolation {unknown}
 D - a scroll of enchant armour {unknown}
Potions
 b - 3 potions of invisibility
 g - 4 potions of curing
 j - a potion of mutation {unknown}
 l - a potion of berserk rage {unknown}
 p - a potion of cancellation {unknown}
 t - 2 potions of might {unknown}
 u - 4 potions of lignification {unknown}
 w - a potion of haste {unknown}
 x - 4 potions of attraction {unknown}
 A - a potion of brilliance {unknown}
 F - a potion of flight {unknown}


   Skills:
 + Level 5.6 Fighting
 + Level 3.1 Short Blades
 + Level 3.1 Long Blades
 + Level 3.1 Axes
 + Level 3.1 Maces & Flails
 + Level 3.1 Polearms
 + Level 9.1 Staves
 + Level 3.1 Ranged Weapons
 + Level 3.1 Throwing
 + Level 3.1 Armour
 + Level 3.1 Dodging
 + Level 4.0 Stealth
 + Level 3.1 Shields
 + Level 3.1 Unarmed Combat
 + Level 4.2 Spellcasting
 + Level 2.5 Conjurations
 + Level 2.5 Hexes
 + Level 2.5 Summonings
 + Level 2.5 Necromancy
 + Level 4.6 Translocations
 + Level 2.5 Transmutations
 + Level 2.5 Fire Magic
 + Level 2.5 Ice Magic
 + Level 2.5 Air Magic
 + Level 2.5 Earth Magic
 + Level 2.5 Poison Magic
 + Level 3.4 Invocations
 + Level 3.1 Evocations


You had 14 spell levels left.
You knew the following spells:

 Your Spells              Type           Power      Damage    Failure   Level
a - Apportation           Tloc           18%        N/A       45%         1

Your spell library contained the following spells:

 Spells                   Type           Power      Damage    Failure   Level
 Foxfire                  Conj/Fire      20%        2x1d5     75%         1
 Summon Small Mammal      Summ           20%        N/A       75%         1
 Teleport Other           Tloc           9%         N/A       83%         3
 Static Discharge         Conj/Air       5%         3-4/arc   87%         2
 Call Canine Familiar     Summ           5%         N/A       98%         3
 Conjure Flame            Conj/Fire      5%         6-21      98%         3
 Inner Flame              Hex/Fire       5%         N/A       98%         3
 Summon Guardian Golem    Hex/Summ       5%         N/A       98%         3
 Flame Wave               Conj/Fire      5%         2d5       100%        4
 Lightning Bolt           Conj/Air       2%         1d14      100%        5
 Maxwell's Capacitive Co  Air            2%         ∞         100%        8


Dungeon Overview and Level Annotations

Branches:
Dungeon (6/15)
 Temple: D:4-7

Altars:
Gozag
Kikubaaqudgha
Wu Jian
Yredelemnul

Shops:
D:2 [

Annotations:
D:6 1 transporter, Menkaure


Innate Abilities, Weirdness & Mutations

You have very sharp teeth.
Your uncanny sense of smell can sniff out nearby items.
Your experience applies equally to all skills.


Message History

Your Stealth skill increases to level 4!
Found 19 gold pieces.
Found a glass ring and a clear potion.
Found a transporter. 2 wights come into view.
A wight is wielding a +5 scimitar of freezing.
Found a stone staircase leading down.
A wight comes into view. It is wielding a +0 falchion.
A wight comes into view. It is wielding a +3 flail of freezing.
You sock the wight!
The wight is severely damaged.
The wight hits you from afar with a +0 trident.
The wight hits you with a +5 scimitar of freezing!
The wight freezes you.
You hit the wight but do no damage.
The wight is severely damaged.
You closely miss the wight.
The wight is severely damaged.
The wight hits you with a +5 scimitar of freezing.
The wight freezes you.
The wight hits you from afar with a +0 trident.
You feel drained. The wight attacks as you move away!
The wight hits you with a +5 scimitar of freezing!
The wight freezes you. The wight closely misses you.
The wight attacks as you move away!
The wight hits you with a +5 scimitar of freezing!
* * * LOW HITPOINT WARNING * * *
The wight freezes you.
* * * LOW HITPOINT WARNING * * *
The wight hits you from afar with a +0 trident.
* * * LOW HITPOINT WARNING * * *
You feel drained.
Menkaure blazes with dark energy!
You feel protected. The wight barely misses you.
Unknown command.
There is a stone staircase leading up here.
The wight hits you with a +5 scimitar of freezing!
You die...

#..#.#.=$M$⌠)_$!©#.. .
#..#.#############..
..##..........©........
......###............
...#.#.....#.......
#.#......##.z.....
#...z....#........
####..z.##..........
#..@zz.#............
###.................
#.................
#...............
#.>...............
#...#..#........
#...#...........
#...#..........
#.......####..


You could see 4 wights.

Vanquished Creatures
  2 water moccasins (D:5)
  An orc warrior (D:4)
  An ogre (D:4)
  A phantom (D:4)
  A necrophage (D:6)
  A jelly (D:5)
  3 hounds
  2 orc priests (D:5)
  An orc wizard (D:5)
  Natasha (thrice) (D:4)
  7 adders
  A shadow imp (D:5)
  2 ufetubi
  A worm (D:2)
  4 dart slugs
  11 orcs
  6 ball pythons
  4 endoplasms
  2 giant cockroaches
  8 goblins
  9 hobgoblins
  A jackal (D:2)
  5 quokkas
  11 bats
  8 frilled lizards
  7 kobolds
  2 rats
105 creatures vanquished.

Notes
Turn   | Place    | Note
-------+----------+-------------------------------------------
     0 | D:1      | Anandil the Gnoll Wanderer began the quest for the Orb.
     0 | D:1      | Anandil set off with the following items: a +1 vorpal
                  | quarterstaff, a potion of invisibility, a +0 leather
                  | armour; and the following spell memorised: Apportation; and
                  | the following spells available to memorise: Teleport Other.
     0 | D:1      | Reached XP level 1. HP: 20/20 MP: 4/4
     2 | D:1      | Noticed a formicid
     2 | D:1      | Noticed a meteoran
     4 | D:1      | Noticed a ghoul
     4 | D:1      | Noticed a spriggan
     6 | D:1      | Noticed a palentonga
     6 | D:1      | Noticed a naga
     8 | D:1      | Noticed an elf
     8 | D:1      | Noticed a human
    10 | D:1      | Noticed a minotaur
    10 | D:1      | Noticed a vampire
    12 | D:1      | Noticed a tengu
    12 | D:1      | Noticed a gargoyle
    14 | D:1      | Noticed a merfolk
    14 | D:1      | Noticed a troll
    16 | D:1      | Noticed a draconian
    18 | D:1      | Noticed a demigod
    20 | D:1      | Noticed an ogre
    20 | D:1      | Noticed an octopode
    22 | D:1      | Noticed a vine stalker
    24 | D:1      | Noticed a palentonga
    24 | D:1      | Noticed a felid
    26 | D:1      | Noticed a tengu
    26 | D:1      | Noticed a minotaur
   286 | D:1      | Reached XP level 2. HP: 26/26 MP: 5/5
   760 | D:1      | Reached XP level 3. HP: 28/31 MP: 7/7
  1031 | D:2      | Reached skill level 1 in Invocations
  1095 | D:2      | Found Runishel's Armour Emporium.
  1174 | D:2      | Reached skill level 1 in Short Blades
  1174 | D:2      | Reached skill level 1 in Long Blades
  1174 | D:2      | Reached skill level 1 in Axes
  1174 | D:2      | Reached skill level 1 in Maces & Flails
  1174 | D:2      | Reached skill level 1 in Polearms
  1174 | D:2      | Reached skill level 1 in Ranged Weapons
  1174 | D:2      | Reached skill level 1 in Throwing
  1174 | D:2      | Reached skill level 1 in Armour
  1174 | D:2      | Reached skill level 1 in Dodging
  1174 | D:2      | Reached skill level 1 in Shields
  1174 | D:2      | Reached skill level 1 in Unarmed Combat
  1174 | D:2      | Reached skill level 1 in Evocations
  1346 | D:2      | Reached XP level 4. HP: 37/38 MP: 8/8
  1780 | D:3      | Found a faded altar of an unknown god.
  1798 | D:3      | Reached skill level 1 in Conjurations
  1798 | D:3      | Reached skill level 1 in Hexes
  1798 | D:3      | Reached skill level 1 in Summonings
  1798 | D:3      | Reached skill level 1 in Necromancy
  1798 | D:3      | Reached skill level 1 in Transmutations
  1798 | D:3      | Reached skill level 1 in Fire Magic
  1798 | D:3      | Reached skill level 1 in Ice Magic
  1798 | D:3      | Reached skill level 1 in Air Magic
  1798 | D:3      | Reached skill level 1 in Earth Magic
  1798 | D:3      | Reached skill level 1 in Poison Magic
  2137 | D:3      | Reached XP level 5. HP: 37/43 MP: 9/9
  2185 | D:3      | Found an ornate altar of the Wu Jian Council.
  2387 | D:3      | Identified the +10 dagger of Expedience {vamp, *Corrode
                  | Will+ Str+8 Dex-5}
  2616 | D:4      | Reached XP level 6. HP: 40/50 MP: 11/11
  2701 | D:4      | Identified the +1 chain mail of the Equinox {-Tele Fly
                  | rPois}
  2797 | D:4      | Noticed Natasha
  2803 | D:4      | Killed Natasha
  2807 | D:4      | Noticed Natasha
  2816 | D:4      | Killed Natasha
  2817 | D:4      | Reached skill level 5 in Fighting
  2962 | D:4      | Noticed Natasha
  2969 | D:4      | Killed Natasha
  3212 | D:5      | Entered Level 5 of the Dungeon
  3226 | D:5      | Noticed an orc warrior
  3243 | D:4      | HP: 1/51 [ogre/+0 giant club (25)]
  3245 | D:4      | Reached XP level 7. HP: 1/56 MP: 12/12
  3917 | D:5      | Reached skill level 9 in Staves
  4285 | D:5      | Reached XP level 8. HP: 48/63 MP: 14/14
  4476 | D:5      | Found an opulent altar of Gozag.
  4870 | D:6      | Noticed Menkaure
  4871 | D:6      | Found a basalt altar of Yredelemnul.
  4871 | D:6      | Found an ancient bone altar of Kikubaaqudgha.
  4885 | D:6      | Found a transporter.
  4900 | D:6      | HP: 3/62 [wight/+0 trident (1)]
  4917 | D:6      | Mangled by a wight

Illustrated notes

Levels and vault maps discovered:
D:1:      kb_arrival_jail, layout_loops_ring, serial_glass, glass_columns_a,
          glass_columns_b, minmay_ruptured
D:2:      minmay_diamond_boxcup, layout_loops_ring, serial_shops,
          nicolae_square_shop
D:3:      layout_loops_ring, mainiacjoe_overflow_surrounded_room,
          hellmonk_ecumenical_altar_pennies_from_heaven, minivault_23
D:4:      layout_basic, minmay_fractal_squares_diagonal_5, uniq_natasha
D:5:      layout_rooms, grunt_gozag_breadcrumbs, chequers_mini_garden
D:6:      layout_layer_cave, gammafunk_temple_of_torment,
          mainiacjoe_overflow_catch_the_wave,
          gammafunk_temple_overflow_elements, minmay_temple_entry_junction,
          serial_shops, nicolae_shop_trees

Skill      XL: |  1  2  3  4  5  6  7  8 |
---------------+-------------------------+-----
Invocations    | 1 2 3 |  3.4
Short Blades   | 1 2 3 |  3.1
Long Blades    | 1 2 3 |  3.1
Axes           | 1 2 3 |  3.1
Maces & Flails | 1 2 3 |  3.1
Polearms       | 1 2 3 |  3.1
Ranged Weapons | 1 2 3 |  3.1
Throwing       | 1 2 3 |  3.1
Armour         | 1 2 3 |  3.1
Dodging        | 1 2 3 |  3.1
Shields        | 1 2 3 |  3.1
Unarmed Combat | 1 2 3 |  3.1
Evocations     | 1 2 3 |  3.1
Spellcasting   | 3 4 |  4.2
Conjurations   | 1 2 |  2.5
Hexes          | 1 2 |  2.5
Summonings     | 1 2 |  2.5
Necromancy     | 1 2 |  2.5
Transmutations | 1 2 |  2.5
Fire Magic     | 1 2 |  2.5
Ice Magic      | 1 2 |  2.5
Air Magic      | 1 2 |  2.5
Earth Magic    | 1 2 |  2.5
Poison Magic   | 1 2 |  2.5
Translocations | 4 |  4.6
Stealth        | 3 4 |  4.0
Fighting       | 5 |  5.6
Staves         | 9 |  9.1

Action                   |  1- 3 |  4- 6 |  7- 9 || total
-------------------------+-------+-------+-------++-------
Melee: Quarterstaff      |    81 |   105 |    71 ||   257
       Bite              |     2 |     4 |     7 ||    13
Throw: Throwing net      |       |     1 |       ||     1
  Use: Scroll            |       |     1 |     1 ||     2
       Potion            |       |       |     1 ||     1
 Stab: Sleeping          |     2 |     3 |       ||     5
Armor: Ring mail         |    28 |    22 |       ||    50
       Leather armour    |     1 |       |       ||     1
       Chain mail        |       |    10 |    42 ||    52
Dodge: Dodged            |    48 |    40 |    39 ||   127
